 Dungeon Crawl Stone Soup version 0.30-a0-652-gcc886f7154 (webtiles) character file.

Game seed: 6703725949915000644

462 qeuew the Shield-Bearer (level 7, -3/55 HPs)
             Began as a Formicid Fighter on Jan 17, 2023.
             Was an Initiate of Makhleb.
             Slain by an ice beast (13 damage)
             ... on level 5 of the Dungeon.
             The game lasted 00:04:08 (3863 turns).

qeuew the Shield-Bearer (Formicid Fighter)          Turns: 3863, Time: 00:04:09

Health: -3/55      AC:  7    Str: 22    XL:     7   Next: 28%
Magic:  7/7        EV: 10    Int:  8    God:    Makhleb [......]
Gold:   201        SH:  5    Dex: 13    Spells: 6/6 levels left

rFire   . . .      SeeInvis +    a - +0 war axe
rCold   . . .      Faith    .    c - +0 buckler
rNeg    . . .      Spirit   .    b - +0 scale mail
rPois   .          Reflect  .    (helmet unavailable)
rElec   .          Harm     .    (no cloak)
rCorr   .          Rampage  .    (no gloves)
Will    .....                    (no boots) Stlth
                                 (no amulet)
HPRegen 0.29/turn                (no ring)
MPRegen 0.10/turn                (no ring)

@: no status effects
A: permanent stasis, dig shafts and tunnels, antennae 3, four strong arms
a: Dig, Shaft Self, Renounce Religion


You were on level 5 of the Dungeon.
You worshipped Makhleb.
Makhleb was noncommittal.
You visited 2 branches of the dungeon, and saw 6 of its levels.

You collected 201 gold pieces.

Inventory:

Hand Weapons
 a - a +0 war axe (weapon)
Armour
 b - a +0 scale mail (worn)
 c - a +0 buckler (worn)
 j - a +0 pair of gloves
Jewellery
 h - a ring of resist corrosion
Wands
 i - a wand of polymorph (4)
 k - a wand of mindburst (15)
Scrolls
 e - a scroll of magic mapping
 f - a scroll of fear
 g - a scroll of identify
Potions
 d - a potion of might
 l - 2 potions of invisibility


   Skills:
 + Level 4.4 Fighting
 * Level 4.3 Axes
 + Level 4.4 Armour
 + Level 2.2 Dodging
 + Level 5.4 Shields
 + Level 0.7 Invocations
 + Level 1.4 Evocations


You had 6 spell levels left.
You didn't know any spells.
Your spell library contained the following spells:

 Spells                   Type           Power      Damage    Failure   Level
 Sting                    Tmut/Pois      0%         1d3       80%         1
 Ensorcelled Hibernation  Hex/Ice        0%         N/A       90%         2
 Poisonous Vapours        Pois/Air       0%         N/A       90%         2
 Spider Form              Tmut/Pois      0%         N/A       99%         3
 Anguish                  Hex/Necr       0%         N/A       100%        4
 Olgreb's Toxic Radiance  Pois           0%         N/A       100%        4


Dungeon Overview and Level Annotations

Branches:
Dungeon (5/15)             Temple (1/1) D:4

Altars:
Dithmenos
Elyvilon
Kikubaaqudgha
Makhleb
Nemelex Xobeh
Ru
Sif Muna
Wu Jian

Shops:
D:1 !   D:2 [


Innate Abilities, Weirdness & Mutations

You cannot be hasted, slowed, berserked, paralysed or teleported.
You can dig through walls and to a lower floor.
You have a pair of large antennae on your head. (SInv)
Your four strong arms can wield two-handed weapons with a shield.


Message History

Makhleb accepts your kill.
Items here: ))) ††.
HP restored.
Found a stone staircase leading down and a stone staircase leading up.
An ice beast comes into view.
The ice beast moves out of view.
An ice beast is nearby!
The ice beast hits you but does no damage.
You closely miss the ice beast. The ice beast barely misses you.
You hit the ice beast but do no damage. The ice beast hits you.
The ice beast freezes you!
You barely miss the ice beast. You block the ice beast's attack.
The ice beast closely misses you.
You slash the ice beast!
The ice beast is moderately wounded.
The ice beast hits you. The ice beast freezes you!
You are too injured to fight recklessly!
You are too injured to fight recklessly!
You are too injured to fight recklessly!
You are too injured to fight recklessly!
You are too injured to fight recklessly!
You are too injured to fight recklessly!
You are too injured to fight recklessly!
You are too injured to fight recklessly!
You are too injured to fight recklessly!
You are too injured to fight recklessly!
You are too injured to fight recklessly!
You are too injured to fight recklessly!
You are too injured to fight recklessly!
You closely miss the ice beast.
The ice beast is moderately wounded.
The ice beast hits you. The ice beast freezes you!
* * * LOW HITPOINT WARNING * * *
You closely miss the ice beast.
The ice beast is moderately wounded.
The ice beast hits you but does no damage.
The ice beast hits you.
* * * LOW HITPOINT WARNING * * *
The ice beast freezes you!
You die...

#...# #...# #...#
#... ... #.#########
##Y#....<..#
#.@........# .##
#.......#..#
.....#....##.#..#
..?.....#.......#
.##.########.#.#####
# ###...........
#.........###.
#.#.##.#..#
###.#)##......#


You could see an ice beast.

Vanquished Creatures
  An ogre (D:4)
  An orc priest (D:4)
  Jessica (D:3)
  An iguana (D:4)
  4 orc wizards
  Robin (D:3)
  3 gnolls (D:4)
  6 adders
  A worm (D:3)
  3 dart slugs
  11 orcs
  11 endoplasms
  A giant cockroach (D:3)
  13 goblins
  8 hobgoblins
  3 quokkas
  7 ball pythons
  7 bats
  3 frilled lizards
  6 kobolds
  4 rats
96 creatures vanquished.

Notes
Turn   | Place    | Note
-------+----------+-------------------------------------------
     0 | D:1      | qeuew the Formicid Fighter began the quest for the Orb.
     0 | D:1      | Reached XP level 1. HP: 18/18 MP: 1/1
    36 | D:1      | Found Dugaisaq's Distillery.
   133 | D:1      | Reached XP level 2. HP: 20/24 MP: 2/2
   503 | D:1      | Reached XP level 3. HP: 28/29 MP: 3/3
   934 | D:2      | Reached skill level 1 in Dodging
   934 | D:2      | Reached XP level 4. HP: 35/36 MP: 4/4
  1118 | D:2      | Found Soitab's Armour Boutique.
  1263 | D:2      | Found a sacrificial altar of Ru.
  1429 | D:3      | Noticed Robin
  1441 | D:3      | Killed Robin
  1497 | D:3      | Reached XP level 5. HP: 41/42 MP: 5/5
  2341 | D:3      | Noticed Jessica
  2345 | D:3      | Killed Jessica
  2546 | D:4      | Reached XP level 6. HP: 26/48 MP: 6/6
  2553 | D:4      | Reached skill level 5 in Shields
  2751 | D:4      | Noticed an ogre
  2755 | D:4      | Killed an ogre
  2853 | D:4      | Reached skill level 1 in Evocations
  2853 | D:4      | Found a staircase to the Ecumenical Temple.
  2867 | D:4      | Reached XP level 7. HP: 12/55 MP: 7/7
  2868 | D:4      | HP: 2/55 [goblin/sling bullet (3)]
  2875 | Temple   | Entered the Ecumenical Temple
  3061 | Temple   | Became a worshipper of Makhleb the Destroyer
  3261 | D:4      | Found an ornate altar of the Wu Jian Council.
  3703 | D:5      | Entered Level 5 of the Dungeon
  3863 | D:5      | Slain by an ice beast

Illustrated notes

Levels and vault maps discovered:
D:1:      enne_arrival_octagon_isle, layout_loops_ring, serial_shops,
          nicolae_square_shop, minmay_heptomino_w4
D:2:      layout_basic, basic_altar, serial_shops, nicolae_lakefront_shop
D:3:      layout_basic, grunt_ministairs_10, nrook_loot_triangle, uniq_jessica,
          uniq_robin
D:4:      minmay_door_path, layout_loops_cross, mainiacjoe_overflow_alcove_1,
          minmay_temple_entry_ruins, grunt_decor_one_mirror
D:5:      layout_loops_cross, zin_purify
Temple:   compressed_dpeg_triangle_lava_temple

Skill      XL: |  1  2  3  4  5  6 |
---------------+-------------------+-----
Dodging        | 1 2 |  2.2
Axes           | 3 4 |  4.3
Fighting       | 4 |  4.4
Armour         | 4 |  4.4
Shields        | 5 |  5.4
Evocations     | 1 |  1.4
Invocations    | |  0.7

Action                   |  1- 3 |  4- 6 |  7- 9 || total
-------------------------+-------+-------+-------++-------
Melee: War axe           |    99 |   123 |    50 ||   272
  Use: Scroll            |     4 |     2 |     3 ||     9
       Potion            |     1 |     3 |     1 ||     5
Armor: Scale mail        |    49 |    50 |    20 ||   119
Dodge: Dodged            |    54 |    66 |    35 ||   155
Block: Buckler           |    23 |    30 |    20 ||    73

Table legend: (Time is in decaauts)
 A = Elapsed time spent in this place.
 B = Non-inter-level travel time spent in this place.
 C = Inter-level travel time spent in this place.
 D = Time resting spent in this place.
 E = Time spent auto-exploring this place.
 F = Levels seen in this place.
 G = Mean time per level.
                   A        B        C        D        E       F      G
               +--------+--------+--------+--------+--------+-----+--------+
         Total |   3963 |   3815 |    148 |     42 |   3053 |   6 |  660.5 |
       Dungeon |   3770 |   3627 |    143 |     42 |   2878 |   5 |  754.0 |
        Temple |    192 |    187 |      5 |      0 |    175 |   1 |  192.0 |
               +--------+--------+--------+--------+--------+-----+--------+

Top non-repeatable levels by time:
     D:3: 1098 daAuts
     D:4: 1050 daAuts
     D:1: 770 daAuts
     D:2: 682 daAuts
  Temple: 192 daAuts
     D:5: 168 daAuts
